 Dungeon Crawl Stone Soup version 0.30-a0-845-g7c6808c8ce (webtiles) character file.

Game seed: 2974813607564466804

35 qeuew the Conjurer (level 3, -4/28 HPs)
             Began as a Draconian Conjurer on Mar 2, 2023.
             Slain by Terence
             ... wielding a +0 flail
              (6 damage)
             ... on level 2 of the Dungeon.
             The game lasted 00:02:25 (1082 turns).

qeuew the Conjurer (Draconian Conjurer)             Turns: 1082, Time: 00:02:25

Health: -4/28      AC:  5    Str:  9    XL:     3   Next: 16%
Magic:  4/6        EV: 12    Int: 18    God:
Gold:   20         SH:  0    Dex: 11    Spells: 4/7 levels left

rFire   . . .      SeeInvis .    d - +0 dagger (speed)
rCold   . . .      Faith    .    (no shield)
rNeg    . . .      Spirit   .    (body armour unavailable)
rPois   .          Reflect  .    (helmet restricted)
rElec   .          Rampage  .    (no cloak)
rCorr   .                        (no gloves)
Will    .....                    (no boots)
Stlth   ++                       (no amulet)
HPRegen 0.24/turn                (no ring)
MPRegen 0.10/turn                (no ring)

@: no status effects
A: AC +5, unfitting armour, cold-blooded
a: no special abilities


You were on level 2 of the Dungeon.
You visited 1 branch of the dungeon, and saw 2 of its levels.

You collected 20 gold pieces.

Inventory:

Hand Weapons
 d - a +0 dagger of speed (weapon)
Jewellery
 c - a ring of protection from fire
 g - a +6 ring of intelligence
Scrolls
 f - a scroll of amnesia {unknown}
 h - a scroll of teleportation
 i - a scroll of poison
 j - a scroll of identify
Potions
 a - a potion of magic
 b - a potion of attraction {unknown}


   Skills:
 + Level 1.1 Fighting
 + Level 0.3 Short Blades
 + Level 2.0 Dodging
 + Level 2.1 Stealth
 * Level 2.5 Spellcasting
 + Level 4.1 Conjurations


You had 4 spell levels left.
You knew the following spells:

 Your Spells              Type           Power      Damage    Failure   Level
a - Magic Dart            Conj           68%        1d6       3%          1
b - Searing Ray           Conj           34%        2d5       4%          2

Your spell library contained the following spells:

 Spells                   Type           Power      Damage    Failure   Level
 Kiss of Death            Conj/Necr      36%        2d8       8%          1
 Dazzling Flash           Conj/Hex       18%        N/A       22%         3
 Confusing Touch          Hex            2%         N/A       45%         3
 Gell's Gravitas          Tloc           2%         N/A       45%         3
 Teleport Other           Tloc           2%         N/A       45%         3
 Fulminant Prism          Conj/Hex       4%         3d5       58%         4
 Iskenderun's Mystic Bla  Conj/Tloc      9%         2d4       58%         4
 Dispel Undead            Necr           2%         3d7       86%         4
 Dispersal                Tloc           1%         N/A       100%        6


Dungeon Overview and Level Annotations

Branches:
Dungeon (2/15)

Altars:

Shops:
D:1 [

Annotations:
D:2 Terence


Innate Abilities, Weirdness & Mutations

Your plain brown scales are hard. (AC +5)
You cannot fit into any form of body armour.
You are cold-blooded and may be slowed by cold attacks.


Message History

Terence misses you.
You hit Terence but do no damage.
Terence is heavily wounded.
You barely miss Terence.
Terence is heavily wounded.
Terence hits you with a +0 flail.
You are too injured to fight recklessly!
You are too injured to fight recklessly!
You are too injured to fight recklessly!
You are too injured to fight recklessly!
You are too injured to fight recklessly!
You are too injured to fight recklessly!
You are too injured to fight recklessly!
You are too injured to fight recklessly!
You are too injured to fight recklessly!
You are too injured to fight recklessly!
Aiming: Magic Dart (safe; 3% risk of failure)
Press: ? - help, Q - select action, (/) - cycle Shift-Dir - straight line, f/p - Terence
Aim: Terence, wielding a +0 flail and wearing a +0 scale mail (heavily wounded, 100% to hit)
The magic dart hits Terence.
Terence is almost dead.
Terence hits you with a +0 flail!
* * * LOW HITPOINT WARNING * * *
Unknown command.
You completely miss Terence.
Terence is almost dead.
You feel better. Terence hits you with a +0 flail.
* * * LOW HITPOINT WARNING * * *
Magic courses through your body. Terence hits you with a +0 flail.
* * * LOW HITPOINT WARNING * * *
Casting: Magic Dart (safe; 3% risk of failure)
Confirm with . or Enter, or press ? or * to list all spells.
Aiming: Searing Ray (safe; 4% risk of failure)
Press: ? - help, Shift-Dir - straight line, f/p - Terence
Aim: Terence, wielding a +0 flail and wearing a +0 scale mail (almost dead, 81% to hit)
The searing ray hits Terence but does no damage.
Terence is almost dead. (Press . to maintain the ray.) Terence hits you with a +0 flail.
You die...

.... ... #.. ...
#.# #.#
#######@######
.......@.....#
#######.####.#
#.......# #.#
#.####### #.#
#######.####
...........#
.########.####
.............#
.########.###.##


You could see Terence.

Vanquished Creatures
  An adder (D:2)
  A ball python (D:2)
  2 bats (D:2)
  3 endoplasms
  2 giant cockroaches (D:1)
  5 goblins (D:1)
  4 hobgoblins (D:1)
  3 rats (D:1)
21 creatures vanquished.

Notes
Turn   | Place    | Note
-------+----------+-------------------------------------------
     0 | D:1      | qeuew the Draconian Conjurer began the quest for the Orb.
     0 | D:1      | Reached XP level 1. HP: 14/14 MP: 3/3
   155 | D:1      | Reached XP level 2. HP: 22/22 MP: 3/5
   468 | D:1      | Found a faded altar of an unknown god.
   469 | D:1      | Noticed a floating eye
   474 | D:1      | Noticed a golden eye
   489 | D:1      | Noticed a shining eye
   489 | D:1      | Noticed a floating eye
   533 | D:1      | Found Tacaamy's Antique Armour Emporium.
   786 | D:2      | Reached skill level 1 in Fighting
   789 | D:2      | Learned a level 2 spell: Searing Ray
   820 | D:2      | Reached XP level 3. HP: 28/28 MP: 3/6
  1052 | D:2      | Noticed Terence
  1081 | D:2      | HP: 1/28 [Terence/+0 flail (3)]
  1082 | D:2      | Slain by Terence

Illustrated notes

Levels and vault maps discovered:
D:1:      saegor_arrival_simple_e, layout_rooms, serial_shops, shop,
          hellmonk_ecumenical_altar_watching_god
D:2:      layout_basic, uniq_terence

Skill      XL: |  1  2 |
---------------+-------+-----
Stealth        | 2 |  2.1
Dodging        | 2 |  2.0
Fighting       | 1 |  1.1
Short Blades   | |  0.3
Spellcasting   | |  2.5
Conjurations   | |  4.1

Action                     || total
---------------------------++-------
  Melee: Dagger            ||    34
         Tailslap          ||     2
   Cast: Magic Dart        ||    45
         Searing Ray       ||     1
    Use: Scroll            ||     4
         Potion            ||     2
 Armour: Skin              ||     4
  Dodge: Dodged            ||    16

Table legend: (Time is in decaauts)
 A = Elapsed time spent in this place.
 B = Non-inter-level travel time spent in this place.
 C = Inter-level travel time spent in this place.
 D = Time resting spent in this place.
 E = Time spent auto-exploring this place.
 F = Levels seen in this place.
 G = Mean time per level.
                   A        B        C        D        E       F      G
               +--------+--------+--------+--------+--------+-----+--------+
         Total |   1068 |   1060 |      8 |      0 |    934 |   2 |  534.0 |
       Dungeon |   1068 |   1060 |      8 |      0 |    934 |   2 |  534.0 |
               +--------+--------+--------+--------+--------+-----+--------+

Top non-repeatable levels by time:
     D:1: 772 daAuts
     D:2: 295 daAuts
